 Dungeon Crawl Stone Soup version 0.31.0-11-ge490571c62 (webtiles) character file.

Game seed: 164010827541088231

277 qw the Skirmisher (level 6, -7/36 HPs)
             Began as a Deep Elf Hunter on Feb 5, 2024.
             Mangled by an ogre
             ... wielding a +0 giant club
              (9 damage)
             ... on level 4 of the Dungeon.
             The game lasted 00:00:09 (1943 turns).

qw the Skirmisher (Deep Elf Hunter)                 Turns: 1943, Time: 00:00:09

Health: -7/36      AC:  9    Str: 10    XL:     6   Next: 4%
Magic:  8/8        EV: 11    Int: 14    God:
Gold:   234        SH:  0    Dex: 18    Spells: 5/5 levels left

rFire   . . .        a - +0 shortbow
rCold   . . .        (shield currently unavailable)
rNeg    . . .        h - +4 ring mail of Lethargy {+Inv}
rPois   .            (no helmet)
rElec   .            (no cloak)
rCorr   .            (no gloves)
SInv    .            (no boots)
Will    +....        f - amulet of faith
Stlth   +            g - ring of willpower
HPRegen 0.26/turn    (no ring)
MPRegen 0.11/turn

%: faith
@: lethally poisoned (-7 -> -10)
A: no striking features
a: Evoke Invisibility


You were on level 4 of the Dungeon.
You visited 1 branch of the dungeon, and saw 4 of its levels.

You collected 234 gold pieces.


   Skills:
 - Level 2.4 Fighting
 + Level 9.2 Ranged Weapons
 - Level 2.4 Dodging
 - Level 1.2 Stealth


You had 5 spell levels left.
You didn't know any spells.
Your spell library was empty.

Inventory:

Hand Weapons
 a - a +0 shortbow (weapon)
Armour
 h - the +4 ring mail of Lethargy (worn) {+Inv}
   (You found it on level 2 of the Dungeon)

   +Inv:      It lets you turn invisible.
Jewellery
 e - an amulet of regeneration
 f - an amulet of faith (around neck)
 g - a ring of willpower (left hand)
Potions
 c - a potion of curing {unknown}
 d - a potion of might

Dungeon Overview and Level Annotations

Branches:
Dungeon (4/15)
 Temple: D:4-7

Altars:
Hepliaklqana

Annotations:
D:3 1 runed translucent door, qw's ghost, amateur SpHu


Message History

The scorpion stings you.
You shoot an arrow. The arrow barely misses the scorpion.
The arrow hits the ogre.
The ogre is moderately wounded.
The scorpion stings you.
You shoot an arrow. The arrow closely misses the scorpion.
The arrow hits the ogre but does no damage.
The ogre is moderately wounded.
The scorpion stings you.
You are lethally poisoned!
The scorpion poisons you! The scorpion barely misses you.
You shoot an arrow. The arrow closely misses the scorpion.
The arrow hits the ogre.
The ogre is heavily wounded.
You feel very sick.
The scorpion stings you but does no damage.
1939 ||| READING scroll of teleportation.
As you read the scroll of teleportation, it crumbles to dust.
You feel strangely unstable.
You feel sick. The scorpion closely misses you.
You shoot an arrow. The arrow hits the scorpion.
You kill the scorpion!
You feel sick.
Your Fighting skill increases to level 2!
You have reached level 6!
You shoot an arrow. The arrow hits the ogre.
The ogre is heavily wounded.
You feel sick. The ogre barely misses you.
You shoot an arrow. The arrow hits the ogre.
The ogre is severely wounded.
Your surroundings suddenly seem different.
A ribbon worm, an ogre and a bombardier beetle come into view.
Found a stone staircase leading down.
You feel sick.
The ogre shouts!
You shoot an arrow. The arrow hits the ogre!
The ogre is moderately wounded.
You feel sick.
The bombardier beetle sprays incendiary fluid at you.
The burning spray misses you. The ogre hits you with a +0 giant club!
You die...

#...........
##..........#
...........#
#.w........#
#..B........
#.........#
#.........##
.
#..>@O.....#
.
##.......#..
. ##.....## #
#.##### . #.
.. # #. ... #
.. .... # ##
....######
..........


You could see an ogre, a ribbon worm and a bombardier beetle.

Vanquished Creatures
  An ogre (D:4)
  A scorpion (D:4)
  An orc wizard (D:3)
  3 adders
  A ribbon worm (D:2)
  A dart slug (D:2)
  4 orcs (D:3)
  5 endoplasms
  5 giant cockroaches
  5 goblins
  7 hobgoblins
  4 jackals (D:1)
  5 kobolds
  A quokka (D:2)
  4 ball pythons
  9 bats
  5 frilled lizards
  7 rats
69 creatures vanquished.

Notes
Turn   | Place    | Note
-------+----------+-------------------------------------------
     0 | D:1      | qw the Deep Elf Hunter began the quest for the Orb.
     0 | D:1      | Reached XP level 1. HP: 12/12 MP: 3/3
     0 | D:1      | 0 ||| qw: Version: 0.3-a-160-g6735b56
     0 | D:1      | 0 ||| qw: Game counter: 6127
     0 | D:1      | 0 ||| qw: Melee chars always use a shield: true
     0 | D:1      | 0 ||| qw: God list: Okawaru
     0 | D:1      | 0 ||| qw: Allow faded altars: false
     0 | D:1      | 0 ||| qw: Do Orc after clearing Dungeon:15 true
     0 | D:1      | 0 ||| qw: Do second Lair branch before Depths: true
     0 | D:1      | 0 ||| qw: Lair rune preference: random
     0 | D:1      | 0 ||| qw: Goals: Normal
     0 | D:1      | 0 ||| PLANNING D:1-11
   167 | D:1      | Reached XP level 2. HP: 14/16 MP: 4/4
   187 | D:1      | Reached skill level 6 in Ranged Weapons
   207 | D:1      | 207 ||| DROPPING +2 sling of draining.
   441 | D:1      | Reached XP level 3. HP: 20/20 MP: 5/5
   674 | D:1      | 674 ||| UPGRADING to amulet of regeneration.
   679 | D:1      | 679 ||| READING 3 scrolls labelled IQETHR JIWUU.
   680 | D:1      | 680 ||| READING 2 scrolls labelled LEOSOV KOTOH.
   680 | D:1      | 680 ||| IDENTIFYING green potion
   681 | D:1      | 681 ||| READING scroll of identify.
   681 | D:1      | 681 ||| IDENTIFYING 2 smoky silvery potions
   682 | D:1      | 682 ||| READING scroll labelled GIAREKLORE.
   683 | D:1      | 683 ||| READING scroll labelled ZECIEKH IPASM.
   684 | D:1      | 684 ||| DROPPING scroll of butterflies.
   685 | D:1      | 685 ||| DROPPING 2 scrolls of amnesia.
   686 | D:1      | 686 ||| DROPPING potion of ambrosia.
   687 | D:1      | 687 ||| DROPPING 2 potions of invisibility.
   831 | D:2      | Reached skill level 7 in Ranged Weapons
   947 | D:2      | Reached XP level 4. HP: 25/25 MP: 6/6
  1047 | D:2      | Identified the +4 ring mail of Lethargy {+Inv}
  1198 | D:2      | 1198 ||| UPGRADING to +4 ring mail of Lethargy {+Inv}.
  1208 | D:2      | 1208 ||| DROPPING +0 leather armour.
  1209 | D:2      | 1209 ||| UPGRADING to ring of willpower.
  1210 | D:2      | 1210 ||| READING scroll of identify.
  1210 | D:2      | 1210 ||| IDENTIFYING brown potion
  1211 | D:2      | 1211 ||| READING scroll labelled ZYOTIKHL AMOOD.
  1216 | D:2      | 1216 ||| READING scroll labelled HICYOG LAHYAM.
  1216 | D:2      | 1216 ||| ENCHANTING +0 shortbow.
  1338 | D:3      | Found a runed translucent door.
  1338 | D:3      | Noticed qw's ghost (amateur SpHu)
  1448 | D:3      | Found a faded altar of an unknown god.
  1458 | D:3      | 1458 ||| FLEEEEING.
  1467 | D:3      | Reached skill level 8 in Ranged Weapons
  1621 | D:3      | Found a hazy altar of Hepliaklqana.
  1793 | D:3      | 1793 ||| UPGRADING to amulet of faith.
  1845 | D:4      | Noticed an ogre
  1859 | D:4      | Killed an ogre
  1860 | D:4      | Reached skill level 9 in Ranged Weapons
  1860 | D:4      | Reached XP level 5. HP: 22/29 MP: 7/7
  1918 | D:4      | Noticed an ogre
  1919 | D:4      | 1919 ||| RETREEEEATING.
  1921 | D:4      | 1921 ||| RETREEEEATING.
  1922 | D:4      | 1922 ||| RETREEEEATING.
  1923 | D:4      | 1923 ||| RETREEEEATING.
  1924 | D:4      | 1924 ||| RETREEEEATING.
  1926 | D:4      | 1926 ||| RETREEEEATING.
  1938 | D:4      | HP: 7/29 [poisoned by a scorpion]
  1939 | D:4      | 1939 ||| READING scroll of teleportation.
  1941 | D:4      | Reached XP level 6. HP: 5/36 MP: 8/8
  1941 | D:4      | HP: 3/36 [poisoned by a scorpion]
  1943 | D:4      | Mangled by an ogre

Levels and vault maps discovered:
D:1:      nzn_arrival_depleted_hourglass, layout_loops_cross, minmay_3d_cube
D:2:      layout_basic
D:3:      layout_loops_ring, mainiacjoe_overflow_alcove_2,
          chequers_ecumenical_altar_island, gammafunk_ghost_grave
D:4:      layout_rooms

Skill      XL: |  1  2  3  4  5 |
---------------+----------------+-----
Ranged Weapons | 6 7 9 |  9.2
Fighting       | 2 |  2.4
Dodging        | |  2.4
Stealth        | |  1.2

Action                     |  1- 3 |  4- 6 || total
---------------------------+-------+-------++-------
   Fire: Shortbow          |   162 |   102 ||   264
    Use: Scroll            |     5 |     4 ||     9
 Armour: Leather armour    |    38 |     3 ||    41
         Ring mail         |       |    27 ||    27
  Dodge: Dodged            |    73 |    19 ||    92

Table legend:
 A = Non-vault XP
 B = Vault XP
 C = Vault XP percentage of total XP
 D = Non-vault monster count
 E = Vault monster count
 F = Vault count percentage of total count
                 A         B        C        D         E       F
            +---------+---------+-------+---------+---------+-------
      Total |     391 |       6 |   1.5 |      66 |       3 |   4.3
            +---------+---------+-------+---------+---------+-------
        D:1 |      42 |       6 |  12.5 |      27 |       3 |  10.0
        D:2 |      65 |       0 |   0.0 |      22 |       0 |   0.0
        D:3 |      76 |       0 |   0.0 |      15 |       0 |   0.0
        D:4 |     208 |       0 |   0.0 |       2 |       0 |   0.0
            +---------+---------+-------+---------+---------+-------
